Map: Catalyst LE

Players

JonSnow - Winner!

  • Race: Zerg Zerg
  • Spawn Location: 5:00

Namshar

  • Race: Zerg Zerg
  • Spawn Location: 11:00

Event: WESG 2017 Haikou

VOD

Have the link to the VOD?

Description

Time

  • Played on: March 13, 2018, 1:49 a.m.
  • Length: 12:30

All games in this series

Show
View Real Time Build Order
Export as new Build Order

JonSnow Zerg - Winner!

Build Orders: Hatch First, Muta Ling Bane 

Get SALT Encoding   

  12  0:01  Drone  
  13  0:13  Overlord  
  13  0:18  Drone  
  14  0:31  Drone x2  
  16  0:36  Drone  
  17  0:53  Hatchery  
  17  0:55  Drone  
  17  1:00  Drone  
  18  1:06  Extractor  
  17  1:14  Spawning Pool  
  16  1:19  Drone  
  16  1:21  Drone  
  18  1:32  Drone  
  19  1:50  Overlord  
  19  1:51  Drone  
  20  2:01  Queen  
  20  2:05  Queen  
  20  2:06  Zergling x4  
  26  2:09  Metabolic Boost  
  26  2:15  Drone  
  27  2:18  Drone  
  28  2:23  Drone  
  28  2:27  Drone  
  30  2:42  Hatchery, Drone  
  30  2:47  Drone x2  
  32  2:55  Zergling x2  
  32  2:56  Zergling x2  
  34  3:00  Baneling Nest  
  34  3:02  Zergling x2  
  34  3:04  Drone  
  35  3:10  Zergling x2  
  35  3:15  Overlord x2  
  35  3:34  Drone x4  
  35  3:35  Drone x2  
  41  3:44  Drone  
  41  3:46  Baneling x2  
  42  3:49  Drone  
  42  3:52  Queen  
  42  3:54  Evolution Chamber  
  44  3:57  Zergling x4  
  44  3:58  Zergling x2  
  44  4:01  Drone x3  
  48  4:10  Zergling x6  
  48  4:11  Drone, Zergling x2  
  53  4:17  Baneling x2  
  53  4:18  Drone  
  53  4:19  Drone  
  53  4:21  Drone x3  
  53  4:22  Zerg Missile Weapons Level 1  
  58  4:27  Baneling x2  
  58  4:30  Roach Warren  
  57  4:32  Extractor  
  57  4:33  Extractor  
  57  4:36  Overlord  
  55  4:38  Overlord  
  55  4:43  Drone x3  
  58  4:52  Drone  
  58  4:53  Overlord  
  57  5:02  Overlord  
  57  5:03  Drone x3, Lair  
  57  5:04  Drone x2  
  62  5:08  Zergling x6  
  65  5:14  Drone  
  65  5:15  Drone x3  
  65  5:16  Drone  
  69  5:22  Drone x4  
  69  5:23  Drone  
  69  5:26  Overlord  
  74  5:32  Drone x3  
  74  5:35  Extractor x2  
  76  5:37  Drone x2  
  76  5:38  Drone, Extractor  
  77  5:47  Baneling x3  
  76  5:50  Drone  
  76  5:51  Drone x6  
  76  5:52  Overlord  
  82  6:05  Spire  
  78  6:17  Hatchery  
  76  6:20  Zerg Missile Weapons Level 2, Glial Reconstitution  
  76  6:23  Roach  
  76  6:24  Roach x5  
  85  6:27  Roach  
  85  6:28  Roach x4  
  85  6:29  Overseer  
  85  6:31  Overlord  
  94  6:37  Overlord x2  
  94  6:41  Overlord  
  94  6:47  Queen  
  94  6:48  Overlord x2  
  96  6:59  Overlord  
  94  7:17  Mutalisk x8  
  94  7:21  Roach  
  94  7:22  Roach x3  
  118  7:24  Roach x2, Zergling x2  
  118  7:25  Zergling x6  
  126  7:31  Unknown  
  126  7:33  Roach x4  
  134  7:41  Roach x3  
  134  7:43  Drone  
  134  7:44  Drone x3, Queen  
  146  7:53  Roach x4  
  154  8:00  Roach x2  
  154  8:01  Roach  
  154  8:04  Overlord x4  
  160  8:12  Centrifical Hooks  
  155  8:31  Roach x11  
  155  8:32  Roach x3  
  177  8:38  Roach  
  167  8:42  Zerg Ground Armor Level 1  
  155  8:49  Roach x6  
  155  8:53  Drone x3  
  155  8:55  Extractor, Baneling x2  
  167  8:58  Roach x4  
  175  9:05  Zergling x4  
  175  9:09  Overlord  
  177  9:16  Zergling x16  
  185  9:18  Ravager x2  
  185  9:19  Ravager  
  185  9:20  Ravager  
  185  9:22  Zergling x2  
  185  9:23  Zergling x6  
  192  9:30  Overlord  
  192  9:46  Baneling x7  
  192  9:47  Baneling x13, Overlord  
  192  9:54  Roach  
  192  9:55  Roach x4  
  200  10:02  Baneling x8  
  200  10:04  Overlord  
  196  10:15  Roach x2  
  196  10:20  Extractor  
  199  10:25  Roach x8  
  197  10:29  Roach  
  199  10:35  Hatchery  
  183  10:45  Roach x11  
  196  10:51  Roach x4  
  196  10:53  Roach x2  
  196  10:56  Roach  
  199  11:01  Roach x3  
  194  11:05  Roach x4  
  194  11:13  Roach x4  
  194  11:18  Roach  
  194  11:19  Roach x3  
  190  11:43  Roach x8  
  190  11:44  Ravager  
  190  11:45  Ravager  
  200  11:52  Roach  
  200  11:53  Roach x2  
Show
View Real Time Build Order
Export as new Build Order

Namshar Zerg 

Build Orders: Hatch First, Roach Hydra, Zergling Baneling 

Get SALT Encoding   

  12  0:00  Drone  
  13  0:12  Overlord  
  13  0:17  Drone  
  14  0:30  Drone x2  
  14  0:34  Drone  
  17  0:52  Hatchery  
  17  0:54  Drone  
  17  0:57  Drone  
  18  1:09  Extractor  
  17  1:12  Spawning Pool  
  17  1:15  Drone  
  17  1:18  Drone  
  18  1:27  Drone  
  19  1:45  Overlord  
  19  1:51  Drone  
  20  1:58  Queen  
  22  2:03  Queen, Zergling x2  
  22  2:04  Zergling x2  
  26  2:08  Metabolic Boost  
  26  2:10  Drone  
  26  2:15  Drone  
  28  2:23  Drone  
  28  2:26  Drone  
  30  2:36  Hatchery  
  29  2:41  Drone  
  30  2:44  Baneling Nest  
  30  2:46  Drone  
  30  2:50  Overlord  
  30  2:54  Drone  
  30  2:57  Drone  
  30  2:58  Drone  
  33  3:10  Zergling x2  
  34  3:13  Zergling x2  
  34  3:14  Drone x3  
  34  3:15  Drone  
  34  3:18  Overlord  
  39  3:24  Queen  
  41  3:27  Baneling x2  
  41  3:29  Zergling x2  
  41  3:31  Zergling x2  
  43  3:35  Overlord  
  43  3:39  Baneling x2  
  43  3:43  Zergling x8  
  47  3:50  Drone x4  
  47  3:54  Evolution Chamber  
  50  3:57  Drone x2  
  50  4:01  Drone  
  53  4:08  Drone  
  51  4:11  Extractor  
  51  4:12  Baneling  
  51  4:13  Baneling  
  51  4:14  Drone x2  
  52  4:17  Baneling x2  
  52  4:19  Drone  
  52  4:24  Drone x7  
  59  4:31  Zergling x2  
  59  4:32  Zergling x2  
  59  4:37  Drone, Overlord  
  59  4:38  Overlord  
  62  4:39  Drone  
  62  4:40  Drone x2  
  65  4:45  Zerg Missile Weapons Level 1  
  65  4:51  Drone  
  65  4:52  Drone x3  
  64  5:03  Overlord  
  64  5:04  Extractor, Lair, Overlord  
  64  5:07  Drone  
  64  5:08  Extractor  
  64  5:13  Zergling x6  
  66  5:14  Drone  
  66  5:15  Drone x5  
  66  5:21  Drone  
  73  5:26  Roach Warren  
  72  5:29  Evolution Chamber  
  72  5:35  Drone  
  71  5:36  Drone x3, Extractor x2  
  71  5:41  Drone  
  71  5:42  Drone x5  
  74  5:45  Hatchery, Zergling x2  
  74  5:48  Zergling x8  
  78  5:51  Baneling x2  
  78  5:52  Baneling x2  
  78  5:53  Zergling x4  
  80  5:57  Overlord  
  79  6:08  Queen  
  78  6:13  Zergling x14  
  81  6:20  Zerg Ground Armor Level 1, Glial Reconstitution  
  80  6:29  Drone x4  
  80  6:30  Drone, Overlord x2  
  80  6:32  Drone  
  86  6:34  Hydralisk Den  
  86  6:38  Overlord x2  
  85  6:45  Roach  
  85  6:46  Roach x2  
  89  6:49  Roach  
  89  6:54  Roach x7  
  104  7:00  Queen  
  104  7:03  Overseer  
  104  7:05  Zerg Missile Weapons Level 2, Pneumatized Carapace  
  104  7:07  Roach x2  
  106  7:10  Overlord  
  106  7:25  Overlord  
  106  7:27  Roach x8  
  122  7:34  Overlord x2  
  122  7:36  Grooved Spines  
  122  7:39  Roach  
  130  7:45  Spore Crawler x2  
  130  7:46  Spore Crawler  
  130  7:48  Hydralisk x2  
  130  7:49  Hydralisk x2  
  129  8:00  Hydralisk x3  
  129  8:05  Spore Crawler  
  134  8:07  Overlord  
  134  8:09  Queen  
  134  8:11  Hydralisk x2  
  134  8:12  Hydralisk  
  134  8:27  Hydralisk x6  
  134  8:32  Roach  
  134  8:33  Roach x2  
  138  8:37  Roach x2  
  134  8:47  Roach x5  
  134  8:48  Muscular Augments  
  132  8:54  Hydralisk x2  
  132  8:55  Roach  
  138  8:59  Lurker Den  
  138  9:01  Ravager x2  
  138  9:02  Overlord  
  139  9:04  Roach  
  139  9:05  Roach  
  143  9:16  Overlord x3  
  143  9:21  Unknown x2  
  143  9:29  Roach x4  
  151  9:32  Overlord  
  151  9:44  Queen  
  153  9:48  Roach x10  
  173  9:54  Roach x3  
  179  10:06  Overlord  
  179  10:07  Overlord x3  
  179  10:12  Roach  
  179  10:13  Roach  
  183  10:16  Overlord x3  
  169  10:30  Roach x8  
  156  10:45  Roach x3  
  156  10:46  Roach x3  
  156  10:52  Roach x5  
  156  10:55  Roach x2  
  142  11:02  Roach x4  
  121  11:07  Roach x2  
  108  11:12  Roach  
  108  11:13  Roach x3  
  108  11:16  Roach x4  
  108  11:18  Roach  
  100  11:21  Roach  
  100  11:22  Roach  
  100  11:25  Roach  
  100  11:28  Ravager x4  
  104  11:33  Roach x3  
  97  11:43  Roach x3  
  97  11:46  Roach  
Tags
 
Add a new tag
Caveats
  • Supply blocks, unpowered buildings, or Contaminate may cause inaccurate times.
  • Supply counts are checked every 10 seconds.